AoeStats
← 1830794305

Fortress

511008498Analyzed
1v1 RM · 7h ago on Oct 3, 2026· 50m 4s· 2 players
Game mode
Random Map
Map size
Small (3 player)
Population
200
Speed
Normal
Resources
Standard
Victory
Conquest
Starting age
Dark Age
Ending age
Imperial Age
RankedLock teamsTeams togetherTeam positionsShared explorationLock speedFull tech treeHidden civsTurbo modeCheats
Victory
Defeat
🇦🇺 Britons · Australia
616
+18
🇨🇳 Bulgarians · China
568
-23
1830794305
6:10 Feudal Age
6:39 Horse Collar
6:48 Double-Bit Axe
7:43 Wheelbarrow
14:12 Gold Mining
17:15 Castle Age
16:02 Stone Mining
16:33 Scale Mail Armor
16:33 Padded Archer Armor
18:29 Hand Cart
19:27 Leather Archer Armor
19:16 Elite Skirmisher
20:47 Gold Shaft Mining
21:30 Stone Shaft Mining
22:20 Bow Saw
25:55 Husbandry
27:52 Bloodlines
31:41 Imperial Age
33:43 Masonry
33:20 Elite Konnik
35:43 Murder Holes
38:02 Capped Ram
38:13 Pikeman
39:24 Chain Mail Armor
43:55 Stirrups
43:37 Halberdier
47:05 Cavalier
Obelix
3:55 Loom
9:14 Feudal Age
13:40 Fletching
17:50 Castle Age
15:46 Double-Bit Axe
15:43 Horse Collar
15:56 Gold Mining
15:59 Stone Mining
16:30 Padded Archer Armor
17:55 Crossbowman
21:13 Bodkin Arrow
21:24 Scale Barding Armor
23:01 Husbandry
23:16 Forging
24:11 Elite Skirmisher
25:29 Iron Casting
24:56 Scale Mail Armor
27:09 Bow Saw
33:38 Murder Holes
34:04 Ballistics
34:02 Leather Archer Armor
34:03 Chain Mail Armor
34:09 Chain Barding Armor
34:27 Gold Shaft Mining
34:13 Heavy Plow
38:29 Imperial Age
36:42 Masonry
36:15 Treadmill Crane
39:49 Plate Mail Armor
41:56 Conscription
40:57 Elite Longbowman
41:06 Cavalier
46:42 Chemistry
46:13 Architecture
49:33 Yeomen
Connection lost

Rejoining the realm…

Still unreachable

The connection could not be restored.

Session expired

The server has moved on; the page needs a fresh start.